 Dungeon Crawl Stone Soup version 0.31-a0-216-g22e908daa7 (webtiles) character file.

Game seed: 13094972761549273799

66 qw the Shooter (level 3, 0/29 HPs)
             Began as a Minotaur Hexslinger on July 1, 2023.
             Slain by a ball python (2 damage)
             ... on level 2 of the Dungeon.
             The game lasted 00:00:22 (1009 turns).

qw the Shooter (Minotaur Hexslinger)                Turns: 1009, Time: 00:00:23

Health: 0/29       AC:  2    Str: 12    XL:     3   Next: 96%
Magic:  3/3        EV:  9    Int: 10    God:
Gold:   42         SH:  0    Dex: 14    Spells: 3/4 levels left

rFire   . . .        Y - +1 sling (elec)
rCold   . . .        (no shield)
rNeg    . . .        c - +0 robe
rPois   .            (helmet restricted)
rElec   .            (no cloak)
rCorr   +            (no gloves)
SInv    .            (no boots)
Will    .....        (no amulet)
Stlth   +            e - ring of resist corrosion
HPRegen 0.24/turn    (no ring)
MPRegen 0.08/turn

%: no passive effects
@: constricted
A: horns 2, retaliatory headbutt
a: no special abilities


You were on level 2 of the Dungeon.
You visited 1 branch of the dungeon, and saw 2 of its levels.

You collected 70 gold pieces.
You spent 28 gold pieces at shops.


Innate Abilities, Weirdness & Mutations

You have a pair of horns on your head.
You reflexively headbutt those who attack you in melee.


   Skills:
 - Level 2.2 Fighting
 + Level 4.3 Ranged Weapons
 - Level 2.1 Dodging
 - Level 1.0 Spellcasting
 - Level 2.0 Hexes


You had 3 spell levels left.
You knew the following spells:

 Your Spells              Type           Power      Damage    Failure   Level
a - Slow                  Hex            16%        N/A       16%         1

Your spell library contained the following spells:

 Spells                   Type           Power      Damage    Failure   Level
 Inner Flame              Hex/Fire       2%         N/A       56%         3
 Portal Projectile        Hex/Tloc       4%         N/A       56%         3
 Cause Fear               Hex            2%         N/A       83%         4

Inventory:

Hand Weapons
 Y - a +1 sling of electrocution (weapon)
Armour
 c - a +0 robe (worn)
 f - a scarf of resistance
 h - a +0 leather armour
Jewellery
 e - a ring of resist corrosion (left hand)
Scrolls
 a - a scroll of noise {unknown}
 b - a scroll of identify {unknown}
 i - a scroll of teleportation {unknown}
Potions
 d - a potion of attraction {unknown}
 g - a potion of cancellation {unknown}
 j - a potion of heal wounds {unknown}

Dungeon Overview and Level Annotations

Branches:
Dungeon (2/15)

Altars:

Shops:
D:2 [

Annotations:
D:2 Natasha


Message History

Enter note:
Enter note: You shoot a sling bullet.
The sling bullet hits the gnoll but does no damage.
A ball python comes into view.
A gnoll comes into view. It is wielding a +0 spear.
You shoot a sling bullet. The gnoll shouts!
The sling bullet hits the gnoll.
The gnoll is heavily wounded.
You hear a shout!
You hear an angry hiss.
Natasha, Servant of Life and Death comes into view.
You shoot a sling bullet.
The sling bullet barely misses the gnoll.
The sling bullet barely misses the ball python.
A gnoll comes into view. It is wielding a +0 flail.
The gnoll throws a throwing net.
The throwing net misses you. Natasha casts a spell at you.
The magic dart hits you!
You shoot a sling bullet. The sling bullet hits the gnoll.
The gnoll is severely wounded.
You shoot a sling bullet. The sling bullet hits the gnoll.
Lightning courses through the gnoll!
You kill the gnoll!
Natasha mumbles some strange words.
You shoot a sling bullet.
The sling bullet barely misses the ball python.
The sling bullet hits the gnoll.
The gnoll is moderately wounded.
The ball python bites you. The ball python closely misses you.
You shoot a sling bullet.
The sling bullet completely misses the ball python.
The sling bullet closely misses the gnoll.
The ball python bites you. The ball python grabs you.
The ball python constricts you. Natasha casts a spell at you.
The magic dart hits you!
The gnoll hits you from afar with a +0 spear.
The ball python bites you.
You die...

..# ##..........##.##
.. #............#... #
#............#.## ..
#..............#
#.#####...........##.#
#.......#.....#.#....##
#..[...#.......\.....>#
#.....(..######.#......
#.....@### ###.........
#.....S................
#.h..gg#####...........
#...5..# #.#....)....
........# ............
#.......# #..#.....<...
##......# !...........
#......# ............
............


You could see Natasha, 2 gnolls, a cerulean imp (summoned) and a ball python.

Vanquished Creatures
  4 gnolls (D:2)
  A worm (D:2)
  2 bats
  An endoplasm (D:2)
  2 giant cockroaches (D:2)
  A goblin (D:1)
  2 hobgoblins
  6 kobolds
  A quokka (D:2)
  2 ball pythons (D:2)
  2 rats (D:2)
24 creatures vanquished.

Notes
Turn   | Place    | Note
-------+----------+-------------------------------------------
     0 | D:1      | qw the Minotaur Hexslinger began the quest for the Orb.
     0 | D:1      | Reached XP level 1. HP: 16/16 MP: 1/1
     0 | D:1      | 0 ||| qw: Version: 0.3-a-35-g05ef00e
     0 | D:1      | 0 ||| qw: Game counter: 7712
     0 | D:1      | 0 ||| qw: Melee chars always use a shield: true
     0 | D:1      | 0 ||| qw: God list: Okawaru
     0 | D:1      | 0 ||| qw: Allow faded altars: false
     0 | D:1      | 0 ||| qw: Do Orc after clearing Dungeon:15 true
     0 | D:1      | 0 ||| qw: Do second Lair branch before Depths: true
     0 | D:1      | 0 ||| qw: Lair rune preference: random
     0 | D:1      | 0 ||| qw: Goals: Normal
     0 | D:1      | 0 ||| PLANNING D:1-11
   291 | D:1      | Reached skill level 3 in Ranged Weapons
   455 | D:1      | Reached XP level 2. HP: 18/23 MP: 2/2
   593 | D:1      | 593 ||| UPGRADING to ring of resist corrosion.
   594 | D:1      | 594 ||| READING scroll labelled HEOXZI CYREIKH.
   595 | D:1      | 595 ||| READING scroll labelled GOAC OXIH PAI.
   596 | D:1      | 596 ||| READING scroll labelled ELYEWKUYGE.
   597 | D:1      | 597 ||| DRINKING 2 clear potions.
   623 | D:1      | 623 ||| DROPPING scroll of poison.
   624 | D:1      | 624 ||| DROPPING potion of lignification.
   653 | D:2      | 653 ||| STAIRDANCE
   656 | D:1      | HP: 4/24 [hobgoblin (4)]
   657 | D:1      | HP: 1/24 [hobgoblin (4)]
   757 | D:2      | Reached XP level 3. HP: 26/29 MP: 3/3
   757 | D:2      | 757 ||| STAIRDANCE
   773 | D:2      | 773 ||| STAIRDANCE
   826 | D:2      | 826 ||| STAIRDANCE
   871 | D:2      | Reached skill level 4 in Ranged Weapons
   923 | D:2      | Found Juraick's Armour Boutique.
   934 | D:2      | 934 ||| BUYING +0 leather armour (28 gold).
   934 | D:2      | Bought a +0 leather armour for 28 gold pieces
   934 | D:2      | 934 ||| SHOPLISTING +0 ring mail (56 gold, have 26).
   934 | D:2      | 934 ||| SHOPLISTING +0 robe of willpower (107 gold, have
                  | 26).
   934 | D:2      | 934 ||| SHOPLISTING +2 leather armour of cold resistance
                  | (266 gold, have 26).
   934 | D:2      | 934 ||| SHOPLISTING +2 robe of fire resistance (247 gold,
                  | have 26).
   934 | D:2      | 934 ||| SHOPLISTING +3 leather armour of the Insatiable
                  | Places {*Slow rPois Dex+3} (404 gold, have 26).
  1004 | D:2      | Noticed Natasha
  1009 | D:2      | HP: 7/29 [Natasha/magic dart (11)]
  1009 | D:2      | HP: 2/29 [gnoll/+0 spear (5)]
  1009 | D:2      | Slain by a ball python

Levels and vault maps discovered:
D:1:      eino_arrival_water_star, layout_loops_ring
D:2:      layout_rooms, serial_shops, nicolae_shop_crystal, minmay_hexomino_p4,
          uniq_terence, uniq_natasha, uniq_robin

Skill      XL: |  1  2  3 |
---------------+----------+-----
Ranged Weapons | 3 4 |  4.3
Fighting       | 2 |  2.2
Dodging        | |  2.1
Spellcasting   | |  1.0
Hexes          | |  2.0

Action                     || total
---------------------------++-------
   Fire: Sling             ||    63
    Use: Scroll            ||     3
         Potion            ||     1
 Armour: Robe              ||     3
  Dodge: Dodged            ||    20

Table legend:
 A = Non-vault XP
 B = Vault XP
 C = Vault XP percentage of total XP
 D = Non-vault monster count
 E = Vault monster count
 F = Vault count percentage of total count
                 A         B        C        D         E       F
            +---------+---------+-------+---------+---------+-------
      Total |      87 |       8 |   8.4 |      20 |       4 |  16.7
            +---------+---------+-------+---------+---------+-------
        D:1 |      15 |       0 |   0.0 |       8 |       0 |   0.0
        D:2 |      72 |       8 |  10.0 |      12 |       4 |  25.0
            +---------+---------+-------+---------+---------+-------
